 Dungeon Crawl Stone Soup version 0.22.1-6-g1668fe2 (webtiles) character file.

60 Fang the Skirmisher (level 4, 0/29 HPs)
             Began as a Gargoyle Berserker on Jan 17, 2019.
             Was a Believer of Trog.
             Slain by a hungry ghost (1 damage)
             ... while paralysed
             ... on level 3 of the Dungeon.
             The game lasted 00:01:18 (1984 turns).

Fang the Skirmisher (Gargoyle Berserker)            Turns: 1984, Time: 00:01:19

Health: 0/29       AC:  5    Str: 22    XL:     4   Next: 4%
Magic:  4/4        EV:  2    Int:  7    God:    Trog [**....]
Gold:   53         SH:  0    Dex:  9    Spells: 3/3 levels left

rFire    . . .     SeeInvis .   a - +0 hand axe
rCold    . . .     Gourm    .   (no shield)
rNeg     + . .     Faith    .   b - +0 animal skin
rPois    ∞         Spirit   .   (no helmet)
rElec    +         Reflect  .   (no cloak)
rCorr    .         Harm     .   (no gloves)
MR       .....                  (no boots)
Stlth    +.........             (no amulet)
HPRegen  0.09/turn              (no ring)
MPRegen  0.09/turn              (no ring)

@: paralysed
A: negative energy resistance 1, electricity resistance, unbreathing,
petrification resistance, rot immunity, AC +3
a: Berserk, Trog's Hand, Renounce Religion


You were on level 3 of the Dungeon.
You worshipped Trog.
Trog was pleased with you.
You were not hungry.

You visited 1 branch of the dungeon, and saw 3 of its levels.

You collected 53 gold pieces.

Inventory:

Hand Weapons
 a - a +0 hand axe (weapon)
Armour
 b - a +0 animal skin (worn)
Jewellery
 j - an uncursed ring of flight {unknown}
 o - an uncursed ring of protection from magic {unknown}
Scrolls
 d - a scroll of fear {unknown}
 e - 3 scrolls of identify {unknown}
 f - 2 scrolls of remove curse {unknown}
 h - 2 scrolls of immolation {unknown}
 i - a scroll of teleportation {unknown}
 p - 2 scrolls of random uselessness {unknown}
Potions
 g - a potion of brilliance {unknown}
 k - a potion of haste {unknown}
 l - a potion of agility {unknown}
 m - a potion of degeneration {unknown}
 n - a potion of curing {unknown}
Comestibles
 c - a ration


   Skills:
 + Level 3.6 Fighting
 + Level 3.6 Axes
 + Level 2.3 Armour
 + Level 2.1 Dodging
 + Level 0.4 Stealth


You had 3 spell levels left.
You didn't know any spells.
Your spell library was empty.

Dungeon Overview and Level Annotations

Branches:
Dungeon (3/15)

Altars:
Gozag


Innate Abilities, Weirdness & Mutations

You are resistant to torment.
Your stone body is resilient. (AC +3)
You are immune to poison.
You resist negative energy. (rN+)
You are resistant to electric shocks. (rElec)
You can survive without breathing.
You are immune to petrification.
You are immune to rotting.


Message History

You closely miss the hungry ghost.
The hungry ghost is heavily damaged.
You lose consciousness!
The hungry ghost hits you.
You feel slightly more hungry. The hungry ghost completely misses you.
The hungry ghost hits you.
You feel slightly more hungry. The hungry ghost hits you.
You feel slightly more hungry. The hungry ghost hits you.
You feel slightly more hungry. The hungry ghost hits you.
* * * LOW HITPOINT WARNING * * *
You feel slightly more hungry. The hungry ghost hits you.
* * * LOW HITPOINT WARNING * * *
You feel slightly more hungry. The hungry ghost hits you.
* * * LOW HITPOINT WARNING * * *
As you are about to starve, you manage to eat something.
You eat one of the 2 rations.
That ration really hit the spot!
The hungry ghost hits you.
You die...

#.#.. #.#..####
.........
.........# #
...........#
.........#.###.#
.....$.......$..
.....>..@#.#
........W#.#####
....$...†.......
.........#######
#######..# ##..#
#...# #<#.#
#<#.#


You could see a hungry ghost.

Vanquished Creatures
  An adder (D:2)
  An ooze (D:2)
  A worm (D:2)
  A dart slug (D:1)
  4 giant cockroaches
  7 goblins
  3 hobgoblins (D:1)
  4 jackals (D:1)
  A quokka (D:2)
  A ball python (D:2)
  6 bats
  A frilled lizard (D:2)
  4 kobolds
  5 rats
40 creatures vanquished.

Notes
Turn   | Place    | Note
-------+----------+-------------------------------------------
     0 | D:1      | Fang the Gargoyle Berserker began the quest for the Orb.
     0 | D:1      | Reached XP level 1. HP: 14/14 MP: 1/1
   104 | D:1      | Reached XP level 2. HP: 7/19 MP: 2/2
   827 | D:2      | Reached XP level 3. HP: 23/23 MP: 3/3
  1089 | D:2      | Found an opulent altar of Gozag.
  1256 | D:2      | Reached ** piety under Trog
  1688 | D:2      | Reached XP level 4. HP: 29/29 MP: 4/4
  1930 | D:3      | Noticed a hungry ghost
  1959 | D:3      | Paralysed by fainting for 10 turns
  1976 | D:3      | Paralysed by fainting for 12 turns
  1983 | D:3      | HP: 1/29 [hungry ghost (2)]
  1984 | D:3      | Slain by a hungry ghost

Skill      XL: |  1  2  3 |
---------------+----------+-----
Axes           | 3 |  3.6
Dodging        | 2 |  2.1
Fighting       | |  3.6
Armour         | |  2.3
Stealth        | |  0.4

Action                   |  1- 3 |  4- 6 || total
-------------------------+-------+-------++-------
Melee: Hand axe          |   106 |    39 ||   145
  Eat: Chunk             |     3 |       ||     3
       Ration            |       |     2 ||     2
Armor: Animal skin       |    60 |    26 ||    86
Dodge: Dodged            |    77 |    24 ||   101
